 Dungeon Crawl Stone Soup version 0.26-a0-597-gb535b0901c (webtiles) character file.

Game seed: 13506139064493537021

30 Alarkh the Skirmisher (level 3, 27/29 HPs)
             Began as a Demonspawn Fighter on Sept 6, 2020.
             Got out of the dungeon alive.
             The game lasted 00:00:40 (723 turns).

Alarkh the Skirmisher (Demonspawn Fighter)           Turns: 723, Time: 00:00:40

Health: 27/29      AC:  7    Str: 16    XL:     3   Next: 3%
Magic:  3/3        EV:  6    Int: 10    God:
Gold:   61         SH:  8    Dex: 12    Spells: 2/2 levels left

rFire    . . .     SeeInvis .     - Unarmed
rCold    . . .     Faith    .   b - +0 kite shield
rNeg     . . .     Spirit   .   a - +0 scale mail
rPois    .         Reflect  .   (no helmet)
rElec    .         Harm     .   (no cloak)
rCorr    .                      (no gloves)
MR       .....                  (no boots)
Stlth    ..........             (no amulet)
HPRegen  0.09/turn              (no ring)
MPRegen  0.08/turn              (no ring)

@: no status effects
A: rot immunity, sharp scales 1
a: no special abilities


You escaped.
You visited 1 branch of the dungeon, and saw 2 of its levels.

You collected 61 gold pieces.

Inventory:

Armour
 a - a +0 scale mail (worn)
 b - a +0 kite shield (worn)
Scrolls
 d - a scroll of teleportation {unknown}
 e - a scroll of blinking {unknown}
 g - a scroll of magic mapping {unknown}
Potions
 c - 2 potions of might
 f - a potion of berserk rage {unknown}


   Skills:
 + Level 3.3 Fighting
 - Level 2.6 Armour
 + Level 3.0 Shields
 * Level 2.6 Unarmed Combat


You had 2 spell levels left.
You didn't know any spells.
Your spell library was empty.

Dungeon Overview and Level Annotations

Branches:
Dungeon (2/15)

Altars:


Innate Abilities, Weirdness & Mutations

You are immune to rotting.
You are partially covered in razor-sharp scales. (AC +1, Slay +1)


Message History

You can't go up here!
(D) Dungeon
Where to? (Enter - D:1 @ (x,y), ? - help)
A rat is nearby!
You block the rat's attack.
You hit the rat but do no damage. The rat barely misses you.
You hit the rat.
You kill the rat!
No target in view!
No target in view!
No target in view!
No target in view!
No target in view!
(D) Dungeon
Where to? (Enter - D:1 @ (x,y), ? - help)
There is an open door here.
There is an open door here.
There is a staircase leading out of the dungeon here.
Are you sure you want to leave the Dungeon?
This will make you lose the game!
You have escaped!

## ######
.###############....###
.....##...##........#.###
###.....###...#####.....###
..####.....####...####....#
.....###+###.........###..#
⌠.....[+.'......@......#.##
.....###'###.........###..#
..####.....####...####....#
###...........#####.......#
....##..#.................#
...##........##...###..#..#
..###.###..######## #####.#
.########)####### ###
.....##.........#


There were no monsters in sight!

Vanquished Creatures
  An ooze (D:2)
  A giant cockroach (D:1)
  2 goblins (D:1)
  5 hobgoblins (D:1)
  3 jackals (D:2)
  2 bats (D:1)
  3 frilled lizards (D:1)
  4 kobolds (D:1)
  2 rats (D:1)
23 creatures vanquished.

Notes
Turn   | Place    | Note
-------+----------+-------------------------------------------
     0 | D:1      | Alarkh the Demonspawn Fighter began the quest for the Orb.
     0 | D:1      | Reached XP level 1. HP: 18/18 MP: 1/1
   160 | D:1      | Gained mutation: You are partially covered in razor-sharp
                  | scales. (AC +1, Slay +1) [demonic ancestry]
   160 | D:1      | Reached XP level 2. HP: 22/24 MP: 2/2
   679 | D:2      | Gained mutation: You are immune to rotting. [demonic
                  | ancestry]
   679 | D:2      | Reached XP level 3. HP: 23/29 MP: 3/3
   723 | D:$      | Got out of the dungeon alive.

Illustrated notes

Levels and vault maps discovered:
D:1:      elethiomel_arrival_infinity_welcomes_careful_drivers, layout_basic,
          chequers_serial_rivers_micro_d
D:2:      layout_loops_ring, grunt_gozag_breadcrumbs, lemuel_tele_altar,
          uniq_natasha

Skill      XL: |  1  2 |
---------------+-------+-----
Unarmed Combat | 2 |  2.6
Shields        | 3 |  3.0
Fighting       | |  3.3
Armour         | |  2.6

Action                   || total
-------------------------++-------
Melee: Unarmed           ||    90
Armor: Scale mail        ||    39
Dodge: Dodged            ||    27
Block: Kite shield       ||    33

Table legend: (Time is in decaauts)
 A = Elapsed time spent in this place.
 B = Non-inter-level travel time spent in this place.
 C = Inter-level travel time spent in this place.
 D = Time resting spent in this place.
 E = Time spent auto-exploring this place.
 F = Levels seen in this place.
 G = Mean time per level.
                   A        B        C        D        E       F      G
               +--------+--------+--------+--------+--------+-----+--------+
         Total |    726 |    673 |     53 |      0 |    523 |   2 |  363.0 |
       Dungeon |    726 |    673 |     53 |      0 |    523 |   2 |  363.0 |
               +--------+--------+--------+--------+--------+-----+--------+

Top non-repeatable levels by time:
     D:1: 700 daAuts
     D:2: 26 daAuts
